 Dungeon Crawl Stone Soup version 0.28.0 (webtiles) character file.

Game seed: 15407521017030013202

72 Sanktem7 the Digger (level 4, -6/24 HPs)
             Began as a Gargoyle Earth Elementalist on Feb 17, 2022.
             Mangled by Terence (7 damage)
             ... on level 3 of the Dungeon.
             The game lasted 00:08:57 (3220 turns).

Sanktem7 the Digger (Gargoyle Earth Elementalist)   Turns: 3220, Time: 00:08:57

Health: -6/24      AC:  5    Str: 12    XL:     4   Next: 25%
Magic:  1/8        EV: 12    Int: 17    God:
Gold:   163        SH:  0    Dex: 10    Spells: 4/8 levels left

rFire   . . .      SeeInvis .   j - +0 short sword
rCold   . . .      Faith    .   (no shield)
rNeg    + . .      Spirit   .   b - +0 robe
rPois   ∞          Reflect  .   (no helmet)
rElec   +          Harm     .   (no cloak)
rCorr   .          Rampage  .   (no gloves)
Will    .....                   (no boots)
Stlth   ++........              (no amulet)
HPRegen 0.08/turn               (no ring)
MPRegen 0.11/turn               (no ring)

@: no status effects
A: sickness immunity, AC +3, negative energy resistance 1, electricity
resistance, torment resistance 1, petrification resistance
a: no special abilities


You were on level 3 of the Dungeon.
You visited 1 branch of the dungeon, and saw 3 of its levels.

You collected 163 gold pieces.

Inventory:

Hand Weapons
 j - a +0 short sword (weapon)
Missiles
 n - 5 stones
Armour
 b - a +0 robe (worn)
 m - a +0 leather armour
Scrolls
 c - a scroll of amnesia {unknown}
 d - 2 scrolls of identify {unknown}
 e - a scroll of fog {unknown}
 f - a scroll of torment {unknown}
 l - a scroll of enchant armour {unknown}
Potions
 a - a potion of mutation {unknown}
 g - a potion of ambrosia {unknown}
 h - a potion of curing {unknown}
 i - a potion of haste {unknown}
 k - 2 potions of attraction {unknown}


   Skills:
 + Level 0.3 Short Blades
 + Level 1.6 Dodging
 + Level 2.3 Stealth
 * Level 2.8 Spellcasting
 + Level 0.2 Conjurations
 + Level 0.7 Transmutations
 * Level 5.0 Earth Magic


You had 4 spell levels left.
You knew the following spells:

 Your Spells              Type           Power      Damage    Failure   Level
a - Sandblast             Erth           38%        2d10      2%          1
b - Stone Arrow           Conj/Erth      22%        3d8       19%         3

Your spell library contained the following spells:

 Spells                   Type           Power      Damage    Failure   Level
 Passwall                 Tmut/Erth      10%        N/A       9%          2
 Petrify                  Tmut/Erth      12%        N/A       47%         4


Dungeon Overview and Level Annotations

Branches:
Dungeon (3/15)

Altars:

Shops:
D:2 (

Annotations:
D:3 Terence


Innate Abilities, Weirdness & Mutations

You are immune to sickness and miasma.
Your stone body is resilient. (AC +3)
You are immune to poison.
You resist negative energy. (rN+)
You are resistant to electric shocks. (rElec)
You are resistant to unholy torment.
You are immune to petrification.


Message History

Casting: Stone Arrow (extremely dangerous; 19% risk of failure)
Confirm with . or Enter, or press ? or * to list all spells.
The spell is extremely dangerous to miscast (19% risk of failure)!
Continue anyway?
Aiming: Stone Arrow (extremely dangerous; 19% risk of failure)
Press: ? - help, Shift-Dir - straight line, f/p - centaur zombie
Aim: a centaur zombie (severely damaged, 100% to hit)
The stone arrow hits Terence!
Terence is heavily wounded.
You barely miss Terence.
Terence is heavily wounded.
Terence barely misses you.
You barely miss Terence.
Terence is heavily wounded.
Terence hits you with a +0 short sword.
You hit Terence but do no damage.
Terence is heavily wounded.
Terence hits you with a +0 short sword.
You hit Terence but do no damage.
Terence is heavily wounded.
Terence hits you with a +0 short sword.
* * * LOW HITPOINT WARNING * * *
You hit Terence.
Terence is severely wounded.
Terence looks scornfully at you. Terence closely misses you.
Terence hits you with a +0 short sword.
* * * LOW HITPOINT WARNING * * *
You closely miss Terence.
Terence is severely wounded.
Terence hits you with a +0 short sword.
* * * LOW HITPOINT WARNING * * *
You closely miss Terence.
Terence is severely wounded.
Terence closely misses you.
You barely miss Terence.
Terence is severely wounded.
Terence closely misses you.
You hit Terence.
Terence is severely wounded.
Terence hits you with a +0 short sword!
You die...

#..............#.# ##....
#..............#.#####.##.
+.............÷.........).
#.......########.#####.##.
#.......# ####'#####>.#.
#.......### #.......###.#.
#.........# #.......# #.#.
#########.# #.......###.#.
#@# ###...###.....
#@#####...# #.....
#######Z........# #.....
#.......##......###.....
#.......##.#............
#.......##..............
#.......##..............
#.......##.........#....
#..................#....


You could see Terence and a centaur zombie.

Vanquished Creatures
  2 adders
  A worm (D:3)
  A dart slug (D:3)
  3 endoplasms
  4 giant cockroaches
  4 goblins
  6 hobgoblins
  3 jackals (D:2)
  2 quokkas (D:1)
  4 ball pythons
  5 bats
  A frilled lizard (D:3)
  3 kobolds
  7 rats
46 creatures vanquished.

Notes
Turn   | Place    | Note
-------+----------+-------------------------------------------
     0 | D:1      | Sanktem7 the Gargoyle Earth Elementalist began the quest
                  | for the Orb.
     0 | D:1      | Reached XP level 1. HP: 10/10 MP: 3/3
   100 | D:1      | Reached skill level 4 in Earth Magic
   100 | D:1      | Reached XP level 2. HP: 6/15 MP: 1/5
  1183 | D:1      | Reached XP level 3. HP: 19/19 MP: 3/6
  1402 | D:2      | Found a faded altar of an unknown god.
  1404 | D:2      | Found Ber Via's Weapon Boutique.
  1655 | D:2      | Learned a level 3 spell: Stone Arrow
  2925 | D:3      | Reached XP level 4. HP: 24/24 MP: 0/8
  3026 | D:3      | Reached skill level 5 in Earth Magic
  3199 | D:3      | Noticed Terence
  3217 | D:3      | HP: 1/24 [Terence (2)]
  3220 | D:3      | Mangled by Terence

Illustrated notes

Levels and vault maps discovered:
D:1:      dpeg_arrival_refuge, layout_loops_corners, minivault_27
D:2:      layout_basic, serial_shops, nicolae_shop_competitors_out_of_business,
          hellmonk_ecumenical_altar_leap_of_faith, grunt_ministairs_11
D:3:      layout_basic, uniq_terence

Skill      XL: |  1  2  3  4 |
---------------+-------------+-----
Earth Magic    | 4 5 |  5.0
Short Blades   | |  0.3
Dodging        | |  1.6
Stealth        | |  2.3
Spellcasting   | |  2.8
Conjurations   | |  0.2
Transmutations | |  0.7

Action                   |  1- 3 |  4- 6 || total
-------------------------+-------+-------++-------
Melee: Unarmed           |    60 |       ||    60
       Short sword       |     6 |     9 ||    15
       Punch             |     1 |       ||     1
 Cast: Sandblast         |    31 |       ||    31
       Stone Arrow       |    12 |     8 ||    20
 Stab: Sleeping          |     1 |       ||     1
Armor: Robe              |    29 |     3 ||    32
Dodge: Dodged            |    37 |     6 ||    43
